 Dungeon Crawl Stone Soup version 0.27-a0-1331-g60ef6b6952 (webtiles) character file.

Game seed: 2084052409625933080

576 corppi the Chopper (level 7, -10/61 HPs)
             Began as a Hill Orc Monk on June 25, 2021.
             Mangled by an ogre (15 damage)
             ... on level 5 of the Dungeon.
             The game lasted 00:14:12 (5279 turns).

corppi the Chopper (Hill Orc Monk)                  Turns: 5279, Time: 00:14:12

Health: -10/61     AC: 13    Str: 16    XL:     7   Next: 35%
Magic:  7/7        EV:  5    Int: 10    God:
Gold:   147        SH:  0    Dex: 13    Spells: 6/6 levels left

rFire    . . .     SeeInvis .   a - +1 war axe
rCold    . . .     Faith    .   (no shield)
rNeg     . . .     Spirit   .   j - +0 plate armour
rPois    .         Reflect  .   w - +0 helmet
rElec    .         Harm     .   (no cloak)
rCorr    .         Rampage  .   i - +0 pair of gloves
Will     .....                  (no boots)
Stlth    ..........             k - amulet of magic regeneration
HPRegen  0.20/turn              (no ring)
MPRegen  0.35/turn              (no ring)

@: no status effects
A: no striking features
a: no special abilities


You were on level 5 of the Dungeon.
You visited 1 branch of the dungeon, and saw 5 of its levels.

You collected 217 gold pieces.
You spent 70 gold pieces at shops.

Inventory:

Hand Weapons
 a - a +1 war axe (weapon)
 b - a +0 hunting sling
Missiles
 d - 168 stones
 g - 22 poisoned darts (quivered)
 h - 7 atropa-tipped darts
 u - 4 silver boomerangs
 z - 11 boomerangs
Armour
 i - a +0 pair of gloves (worn)
 j - a +0 plate armour (worn)
 q - a +2 ring mail of fire resistance
 w - a +0 helmet (worn)
 B - the +1 buckler of Entitlement {Dex+2}
   (You found it on level 5 of the Dungeon)

   It affects your dexterity (+2).
Magical Staves
 f - a staff of air
Jewellery
 c - a ring of ice
 k - an amulet of magic regeneration (around neck)
 y - a ring of fire
 A - a ring of flight
Wands
 p - a wand of paralysis (5)
Scrolls
 l - a scroll of enchant weapon
 n - 3 scrolls of immolation
 r - 2 scrolls of blinking
 s - 2 scrolls of fog {unknown}
 x - a scroll of teleportation {unknown}
Potions
 e - a potion of ambrosia {unknown}
 m - 2 potions of brilliance
 o - 2 potions of curing
 t - a potion of might {unknown}
 v - a potion of cancellation


   Skills:
 + Level 5.3 Fighting
 * Level 7.6 Axes
 + Level 3.3 Armour
 + Level 3.7 Dodging
 - Level 1.5 Stealth


You had 6 spell levels left.
You didn't know any spells.
Your spell library contained the following spells:

 Spells                   Type           Power      Damage    Failure   Level
 Foxfire                  Conj/Fire      0%         2x1d4     100%        1
 Conjure Flame            Conj/Fire      0%         6-21      100%        3
 Ignite Poison            Fire/Tmut/Pois 0%         N/A       100%        3
 Inner Flame              Hex/Fire       0%         N/A       100%        3
 Stone Arrow              Conj/Erth      0%         3d7       100%        3
 Sticky Flame             Conj/Fire      0%         2d3       100%        4
 Bolt of Magma            Conj/Fire/Erth 0%         4d4       100%        5
 Fireball                 Conj/Fire      0%         3d3       100%        5
 Statue Form              Tmut/Erth      0%         N/A       100%        6


Dungeon Overview and Level Annotations

Branches:
Dungeon (5/15)
 Temple: D:4-7

Altars:
The Shining One

Shops:
D:3 !:*

Annotations:
D:5 Menkaure


Message History

The water moccasin zombie bites you.
An orc comes into view. It is wielding a +0 falchion.
A bullfrog skeleton comes into view.
You barely miss the water moccasin zombie.
The water moccasin zombie is severely damaged.
The water moccasin zombie closely misses you.
You completely miss the water moccasin zombie.
The water moccasin zombie is severely damaged.
The water moccasin zombie bites you.
The water moccasin zombie bites you but does no damage.
You closely miss the water moccasin zombie.
The water moccasin zombie is severely damaged.
The water moccasin zombie bites you.
You barely miss the water moccasin zombie.
The water moccasin zombie is severely damaged.
The water moccasin zombie closely misses you.
Menkaure, Prince of Dust comes into view.
You hit the water moccasin zombie.
The water moccasin zombie is severely damaged.
An ogre comes into view. It is wielding a +0 giant club.
The water moccasin zombie barely misses you.
The water moccasin zombie bites you but does no damage.
An orc comes into view. It is wielding a +0 hand axe.
Found a warped buckler.
A hound comes into view.
The orc completely misses you.
An orc comes into view. It is wielding a +0 club.
A worm comes into view.
An orc comes into view. It is wielding a +0 short sword.
A bullfrog skeleton comes into view.
The sentinel's mark upon you fades away.
Found a broad axe and 17 stones.
Found a stone staircase leading up.
You see here the +1 buckler of Entitlement {Dex+2}.
B - the +1 buckler of Entitlement {Dex+2} The ogre hits you with a +0 giant club!!
The ogre hits you with a +0 giant club!!
* * * LOW HITPOINT WARNING * * *
There is a stone staircase leading up, spattered with blood here.
The ogre hits you with a +0 giant club!
You die...

#...........#
...##.##.###.#
####.#.#.##w#####
#.....# #........
#...Z## ##.†#####
#.##..# #........ #
##.##o#.#Z##......
#####.#.Oo#.##.##...####
...)...@#..ooo..M....###
#######...##Z####.......
##...#.# ##.#####
###(#.# #.# .#.# #.(.o(.
.#.. ..####. .### ####


You could see an ogre and an orc.

Vanquished Creatures
  A black bear (D:3)
  An ogre (D:4)
  2 bullfrog skeletons (D:4)
  A bullfrog zombie (D:5)
  A centaur skeleton (D:3)
  A jelly (D:4)
  2 iguanas (D:5)
  2 orc wizards (D:3)
  A hound skeleton (D:4)
  4 adders
  A white imp (D:5)
  An ufetubus (D:5)
  3 worms (D:2)
  7 orcs
  8 endoplasms
  2 giant cockroaches (D:1)
  6 goblins
  8 hobgoblins
  3 jackals (D:2)
  3 quokkas
  10 ball pythons
  9 bats
  7 frilled lizards (D:1)
  9 kobolds
  2 rats
  A bush (D:2)
96 creatures vanquished.

Vanquished Creatures (others)
  16 plants
16 creatures vanquished.

Grand Total: 112 creatures vanquished

Notes
Turn   | Place    | Note
-------+----------+-------------------------------------------
     0 | D:1      | corppi the Hill Orc Monk began the quest for the Orb.
     0 | D:1      | Reached XP level 1. HP: 19/19 MP: 1/1
   290 | D:1      | Reached XP level 2. HP: 17/27 MP: 2/2
  1037 | D:1      | Reached skill level 1 in Armour
  1044 | D:1      | Reached XP level 3. HP: 33/33 MP: 3/3
  1834 | D:2      | Reached skill level 5 in Axes
  2078 | D:2      | Reached XP level 4. HP: 38/40 MP: 4/4
  2704 | D:3      | Found Pebroluzo's Distillery.
  2713 | D:3      | Bought a potion of heal wounds for 70 gold pieces
  2951 | D:3      | Found Cegeawn's Assorted Antiques.
  3092 | D:3      | Reached XP level 5. HP: 47/47 MP: 5/5
  3159 | D:3      | Found Quts's Book Shop.
  3650 | D:3      | Noticed a necrophage
  3666 | D:3      | Reached skill level 6 in Axes
  3985 | D:4      | Reached XP level 6. HP: 29/53 MP: 6/6
  4238 | D:4      | Identified the Compendium of Earthen Flames
  4259 | D:4      | HP: 1/53 [ogre (14)]
  4563 | D:4      | Found a glowing golden altar of the Shining One.
  4595 | D:4      | Noticed a black bear
  4634 | D:3      | Killed a black bear
  4635 | D:3      | Reached skill level 5 in Fighting
  4635 | D:3      | Reached skill level 7 in Axes
  4635 | D:3      | Reached XP level 7. HP: 31/61 MP: 7/7
  5001 | D:5      | Entered Level 5 of the Dungeon
  5263 | D:5      | Noticed Menkaure
  5274 | D:5      | Identified the +1 buckler of Entitlement {Dex+2}
  5279 | D:5      | Mangled by an ogre

Illustrated notes

Levels and vault maps discovered:
D:1:      scummos_arrival_gate, layout_loops_ring, amethyst_killhole,
          minmay_lizard_pond
D:2:      layout_basic, serial_forest, infiniplex_forest_clump_long,
          infiniplex_forest_clump_C, infiniplex_forest_straight_1,
          infiniplex_forest_end_2, infiniplex_forest_clump_C,
          grunt_decor_arrowhead
D:3:      layout_basic, serial_shops, shop, nicolae_shop_trees, shop,
          lightli_corner_chamber
D:4:      layout_rooms, tso_oasis_becter
D:5:      layout_loops_ring, uniq_menkaure, uniq_grinder,
          uniq_crazy_yiuf_cottage

Skill      XL: |  1  2  3  4  5  6 |
---------------+-------------------+-----
Armour         | 1 2 3 |  3.3
Fighting       | 4 5 |  5.3
Axes           | 5 6 7 |  7.6
Dodging        | 3 |  3.7
Stealth        | |  1.5

Action                   |  1- 3 |  4- 6 |  7- 9 || total
-------------------------+-------+-------+-------++-------
Melee: Hand axe          |   163 |   172 |       ||   335
       War axe           |       |   163 |    37 ||   200
 Fire: Hunting sling     |       |       |    20 ||    20
Throw: Dart              |       |    10 |       ||    10
  Use: Potion            |       |     1 |       ||     1
       Scroll            |       |       |     6 ||     6
 Stab: Sleeping          |     2 |       |       ||     2
Armor: Robe              |     2 |       |       ||     2
       Ring mail         |    10 |       |       ||    10
       Plate armour      |    60 |   192 |    28 ||   280
Dodge: Dodged            |    49 |    53 |    11 ||   113

Table legend: (Time is in decaauts)
 A = Elapsed time spent in this place.
 B = Non-inter-level travel time spent in this place.
 C = Inter-level travel time spent in this place.
 D = Time resting spent in this place.
 E = Time spent auto-exploring this place.
 F = Levels seen in this place.
 G = Mean time per level.
                   A        B        C        D        E       F      G
               +--------+--------+--------+--------+--------+-----+--------+
         Total |   5332 |   5067 |    265 |   1121 |   2841 |   5 | 1066.4 |
       Dungeon |   5332 |   5067 |    265 |   1121 |   2841 |   5 | 1066.4 |
               +--------+--------+--------+--------+--------+-----+--------+

Top non-repeatable levels by time:
     D:3: 1426 daAuts
     D:2: 1390 daAuts
     D:1: 1292 daAuts
     D:4: 943 daAuts
     D:5: 279 daAuts
